 Dungeon Crawl Stone Soup version 0.24.0-1-gfbc8707122 (webtiles) character file.

Game seed: 8494643771424737109, levelgen mode: deterministic

154 tv1990 the Bolt Thrower (level 5, -2/41 HPs)
             Began as a Formicid Hunter on Oct 25, 2019.
             Was a Follower of Cheibriados.
             Killed from afar by Sigmund (7 damage)
             ... with a magic dart
             ... on level 3 of the Dungeon.
             The game lasted 00:05:11 (1737 turns).

tv1990 the Bolt Thrower (Formicid Hunter)           Turns: 1737, Time: 00:05:11

Health: -2/41      AC:  6    Str: 19    XL:     5   Next: 62%
Magic:  5/5        EV: 16    Int: 14    God:    Cheibriados [*.....]
Gold:   118        SH:  0    Dex: 20    Spells: 4/4 levels left

rFire    . . .     SeeInvis +   b - +0 short sword
rCold    . . .     Gourm    .   (no shield)
rNeg     . . .     Faith    .   k - +1 ring mail (curse)
rPois    .         Spirit   .   (helmet unavailable)
rElec    .         Reflect  .   (no cloak)
rCorr    .         Harm     .   (no gloves)
MR       .....                  (no boots)
Stlth    ++........             p - amulet of magic regeneration
HPRegen  0.13/turn              (no ring)
MPRegen  0.34/turn              (no ring)

@: agile, lethally poisoned (-2 -> -3), very slow
A: permanent stasis, dig shafts and tunnels, four strong arms, antennae 3
a: Dig, Shaft Self, Bend Time, Renounce Religion


You were on level 3 of the Dungeon.
You worshipped Cheibriados.
Cheibriados was aware of your devotion.
You were not hungry.

You visited 1 branch of the dungeon, and saw 3 of its levels.

You collected 118 gold pieces.

Inventory:

Hand Weapons
 a - a +1 hand crossbow
 b - a +0 short sword (weapon)
Armour
 c - a +0 leather armour
 k - a cursed +1 ring mail (worn)
 m - a +0 chain mail
Jewellery
 p - an amulet of magic regeneration (around neck)
Scrolls
 l - 2 scrolls of enchant armour
 n - a scroll of amnesia {unknown}
 o - a scroll of identify {unknown}
 q - a scroll of magic mapping {unknown}
 r - a scroll of remove curse {unknown}
Potions
 g - a potion of mutation {unknown}
 h - 2 potions of curing {unknown}
 j - a potion of lignification {unknown}
 s - a potion of heal wounds {unknown}
Comestibles
 f - 3 rations


   Skills:
 + Level 3.4 Fighting
 * Level 5.4 Crossbows
 + Level 2.4 Armour
 - Level 1.7 Dodging
 - Level 1.2 Stealth


You had 4 spell levels left.
You didn't know any spells.
Your spell library was empty.

Dungeon Overview and Level Annotations

Branches:
Dungeon (3/15)

Altars:
Cheibriados

Annotations:
D:3 Sigmund


Innate Abilities, Weirdness & Mutations

You cannot be hasted, slowed, berserked, paralysed or teleported.
You can dig through walls and to a lower floor.
Your four strong arms can wield two-handed weapons with a shield.
You have a pair of large antennae on your head. (SInv)


Message History

You resist with some effort.
Sigmund mumbles some strange words.
Sigmund flickers and vanishes for a moment.
You hit Sigmund.
Sigmund is heavily wounded.
Sigmund hits you with a +0 scythe.
* * * LOW HITPOINT WARNING * * *
You barely miss Sigmund.
Sigmund is heavily wounded.
You feel sick.
You hit Sigmund but do no damage.
Sigmund is heavily wounded.
Sigmund gestures at you while chanting. The magic dart hits you!
* * * LOW HITPOINT WARNING * * *
You hit Sigmund.
Sigmund is heavily wounded.
Sigmund points at you and mumbles some strange words.
The magic dart hits you!
You die...

..^..........#
..(.(%[(.....
............
...........
..........
.........
......@(# #@#
#.####.###.##
#...........#
#######.######
.............#
#######.####.#
#.# #.# #.#


You could see Sigmund (invisible).

Vanquished Creatures
  A centaur (D:2)
  4 adders
  7 bats
  A giant cockroach (D:1)
  6 goblins
  8 hobgoblins
  2 jackals (D:1)
  A ball python (D:1)
  2 frilled lizards
  4 kobolds (D:1)
  3 rats
39 creatures vanquished.

Notes
Turn   | Place    | Note
-------+----------+-------------------------------------------
     0 | D:1      | tv1990 the Formicid Hunter began the quest for the Orb.
     0 | D:1      | Reached XP level 1. HP: 16/16 MP: 1/1
   158 | D:1      | Reached XP level 2. HP: 22/23 MP: 2/2
   274 | D:1      | Reached skill level 1 in Armour
   505 | D:1      | Reached XP level 3. HP: 28/28 MP: 3/3
  1188 | D:2      | Found a faded altar of an unknown god.
  1206 | D:2      | Noticed a centaur
  1210 | D:2      | Killed a centaur
  1210 | D:2      | Reached skill level 5 in Crossbows
  1210 | D:2      | Reached XP level 4. HP: 28/35 MP: 4/4
  1210 | D:2      | Reached XP level 5. HP: 32/41 MP: 5/5
  1441 | D:2      | Became a worshipper of Cheibriados the Contemplative
  1441 | D:2      | Reached * piety under Cheibriados
  1709 | D:3      | Noticed Sigmund
  1737 | D:3      | Killed from afar by Sigmund

Skill      XL: |  1  2  3 |
---------------+----------+-----
Armour         | 1 2 |  2.4
Fighting       | 3 |  3.4
Crossbows      | 5 |  5.4
Dodging        | |  1.7
Stealth        | |  1.2

Action                   |  1- 3 |  4- 6 || total
-------------------------+-------+-------++-------
Melee: Short sword       |    50 |    40 ||    90
 Fire: Hand crossbow     |    29 |    20 ||    49
  Use: Scroll            |     3 |       ||     3
       Potion            |       |     1 ||     1
 Stab: Sleeping          |     2 |       ||     2
  Eat: Chunk             |     1 |     1 ||     2
Armor: Leather armour    |    12 |       ||    12
       Ring mail         |     7 |    19 ||    26
Dodge: Dodged            |    44 |    32 ||    76

Levels and vault maps discovered:
D:1:      dpeg_arrival_court, layout_loops_corners, serial_glass,
          glass_columns_b, glass_columns_a, feat_on_display
D:2:      layout_loops_ring, chequers_ecumenical_altar_simple,
          minmay_heptomino_l4
D:3:      layout_basic, first_ration, uniq_grinder, uniq_sigmund, uniq_natasha
